 Dungeon Crawl Stone Soup version 0.31-a0-40-g1d5085d191 (webtiles) character file.

Game seed: 5850870686104015932

124 frimble the Slasher (level 5, -1/43 HPs)
             Began as a Gnoll Reaver on May 17, 2023.
             Slain by an orc priest
             ... wielding a +3 hand axe
              (9 damage)
             ... on level 3 of the Dungeon.
             The game lasted 00:03:44 (2054 turns).

frimble the Slasher (Gnoll Reaver)                  Turns: 2054, Time: 00:03:45

Health: -1/43      AC:  5    Str: 11    XL:     5   Next: 8%
Magic:  12/12      EV: 12    Int: 14    God:
Gold:   124        SH:  0    Dex: 11    Spells: 13/14 levels left

rFire   . . .        a - +0 long sword
rCold   . . .        (no shield)
rNeg    + . .        j - +0 leather armour
rPois   .            r - +1 helmet
rElec   .            (no cloak)
rCorr   .            (no gloves)
SInv    .            (no boots)
Will    .....        e - amulet of regeneration
Stlth   +            l - ring of positive energy
HPRegen 1.07/turn    (no ring)
MPRegen 0.13/turn

%: no passive effects
@: no status effects
A: fangs 1, strong nose, distributed training
a: no special abilities


You were on level 3 of the Dungeon.
You visited 1 branch of the dungeon, and saw 3 of its levels.

You collected 124 gold pieces.

Inventory:

Hand Weapons
 a - a +0 long sword (weapon)
 b - a +0 sling of freezing
 o - the +8 whip "Muodd" {flame, Will- Str+4 Stlth+}
   (You found it on level 3 of the Dungeon)

   Str:       It affects your strength (+4).
   Will:      It decreases your willpower.
   Stlth:     It makes you more stealthy.
Armour
 j - a +0 leather armour (worn)
 p - a +0 buckler
 r - a +1 helmet (worn)
Jewellery
 e - an amulet of regeneration (around neck)
 l - a ring of positive energy (left hand)
Scrolls
 c - 2 scrolls of immolation
 d - 2 scrolls of identify
 f - a scroll of blinking {unknown}
 i - a scroll of vulnerability
 t - 2 scrolls of brand weapon {unknown}
 u - a scroll of poison {unknown}
Potions
 g - 2 potions of curing {unknown}
 h - 2 potions of might {unknown}
 k - a potion of heal wounds {unknown}
 m - 3 potions of lignification {unknown}
 n - 2 potions of resistance {unknown}
 q - a potion of flight {unknown}
 s - a potion of haste


   Skills:
 + Level 4.7 Fighting
 + Level 1.4 Short Blades
 + Level 6.6 Long Blades
 + Level 1.4 Axes
 + Level 1.4 Maces & Flails
 + Level 1.4 Polearms
 + Level 1.4 Staves
 + Level 1.4 Ranged Weapons
 + Level 1.4 Throwing
 + Level 1.4 Armour
 + Level 4.7 Dodging
 + Level 1.4 Stealth
 + Level 1.4 Shields
 + Level 1.4 Unarmed Combat
 + Level 5.1 Spellcasting
 + Level 5.5 Conjurations
 + Level 1.1 Hexes
 + Level 1.1 Summonings
 + Level 1.1 Necromancy
 + Level 1.1 Translocations
 + Level 1.1 Transmutations
 + Level 1.1 Fire Magic
 + Level 1.1 Ice Magic
 + Level 1.1 Air Magic
 + Level 1.1 Earth Magic
 + Level 1.1 Poison Magic
 + Level 1.5 Invocations
 + Level 1.4 Evocations


You had 13 spell levels left.
You knew the following spells:

 Your Spells              Type           Power      Damage    Failure   Level
a - Kiss of Death         Conj/Necr      48%        2d9       6%          1

Your spell library contained the following spells:

 Spells                   Type           Power      Damage    Failure   Level
 Shock                    Conj/Air       48%        1d6       6%          1
 Momentum Strike          Conj/Tloc      24%        3d8       9%          2
 Beastly Appendage        Tmut           12%        N/A       14%         1
 Hailstorm                Conj/Ice       12%        3d5       17%         3
 Wereblood                Tmut           6%         N/A       22%         2
 Spider Form              Tmut/Pois      6%         N/A       38%         3
 Swiftness                Air            6%         N/A       38%         3
 Airstrike                Air            3%         2d(1-17)  80%         4


Dungeon Overview and Level Annotations

Branches:
Dungeon (3/15)

Altars:
Dithmenos

Shops:
D:1 =


Innate Abilities, Weirdness & Mutations

You have very sharp teeth.
Your uncanny sense of smell can sniff out nearby items.
Your experience applies equally to all skills.


Message History

You closely miss the orc priest.
You bite the orc priest, but do no damage.
The orc priest invokes the aid of Beogh against you.
Beogh smites you!
You hit the orc priest but do no damage.
The orc priest hits you but does no damage.
You closely miss the orc priest. You bite the orc priest.
The orc priest is lightly wounded.
The orc priest hits you with a +3 hand axe.
You hit the orc priest.
The orc priest is moderately wounded.
The orc priest calls down the wrath of Beogh upon you.
Pain shoots through your body!
You closely miss the orc priest.
The orc priest is moderately wounded.
The orc priest hits you with a +3 hand axe.
You hit the orc priest.
The orc priest is heavily wounded.
The orc priest mumbles some strange prayers to Beogh against you.
Pain shoots through your body!
An orc comes into view. It is wielding a +0 dagger.
You hit the orc priest but do no damage.
The orc priest is heavily wounded.
The orc priest hits you with a +3 hand axe.
You hit the orc priest but do no damage.
Your bite misses the orc priest.
The orc priest is heavily wounded.
The orc priest barely misses you.
You hit the orc priest.
You bite the orc priest, but do no damage.
The orc priest is almost dead.
The orc priest hits you with a +3 hand axe.
The orc priest calls down the wrath of Beogh upon you.
Beogh smites you!
* * * LOW HITPOINT WARNING * * *
You hit the orc priest but do no damage.
You bite the orc priest, but do no damage.
The orc priest is almost dead.
The orc priest hits you with a +3 hand axe!
You die...

#.# #.# ###..#..###
#.# #.# #...###....
#.######.#
#.#..#..###
#........#
#.##...## #
#..####### #.###.##
# #..# #.###.## #
#..# #.##...## #
#..##########
#.#.#)#.###
#........@oo#
#..........
##.########o#
###.#.#.### #.#
#.#######...####
#.#
####.#.............
#########.#
#....#.######.#####
.....)....###
#'##...# #.#
######......##.[
##..# #.#
#......#.8. #.##
#.# #......#..o∆
### #.#


You could see an orc priest, an orc wizard and an orc.

Vanquished Creatures
  Terence (D:3)
  Robin (D:3)
  An adder (D:3)
  4 dart slugs
  7 endoplasms
  A giant cockroach (D:2)
  13 goblins
  9 hobgoblins
  2 jackals (D:2)
  8 quokkas
  3 ball pythons
  7 bats
  2 frilled lizards (D:2)
  3 kobolds (D:1)
  2 rats
64 creatures vanquished.

Notes
Turn   | Place    | Note
-------+----------+-------------------------------------------
     0 | D:1      | frimble the Gnoll Reaver began the quest for the Orb.
     0 | D:1      | Reached XP level 1. HP: 20/20 MP: 6/6
   271 | D:1      | Reached XP level 2. HP: 26/26 MP: 7/7
   561 | D:1      | Reached skill level 5 in Spellcasting
   561 | D:1      | Reached XP level 3. HP: 31/31 MP: 7/9
   719 | D:1      | Found Soxaelulu's Jewellery Shoppe.
   931 | D:2      | Reached skill level 1 in Invocations
  1004 | D:2      | Reached skill level 1 in Short Blades
  1004 | D:2      | Reached skill level 1 in Axes
  1004 | D:2      | Reached skill level 1 in Maces & Flails
  1004 | D:2      | Reached skill level 1 in Polearms
  1004 | D:2      | Reached skill level 1 in Staves
  1004 | D:2      | Reached skill level 1 in Ranged Weapons
  1004 | D:2      | Reached skill level 1 in Throwing
  1004 | D:2      | Reached skill level 1 in Armour
  1004 | D:2      | Reached skill level 1 in Stealth
  1004 | D:2      | Reached skill level 1 in Shields
  1004 | D:2      | Reached skill level 1 in Unarmed Combat
  1004 | D:2      | Reached skill level 1 in Evocations
  1213 | D:2      | Reached XP level 4. HP: 38/38 MP: 11/11
  1351 | D:3      | Found a shadowy altar of Dithmenos.
  1634 | D:3      | Identified the +8 whip "Muodd" {flame, Will- Str+4 Stlth+}
  1681 | D:3      | Noticed Robin
  1714 | D:3      | Killed Robin
  1715 | D:3      | Reached skill level 1 in Hexes
  1715 | D:3      | Reached skill level 1 in Summonings
  1715 | D:3      | Reached skill level 1 in Necromancy
  1715 | D:3      | Reached skill level 1 in Translocations
  1715 | D:3      | Reached skill level 1 in Transmutations
  1715 | D:3      | Reached skill level 1 in Fire Magic
  1715 | D:3      | Reached skill level 1 in Ice Magic
  1715 | D:3      | Reached skill level 1 in Air Magic
  1715 | D:3      | Reached skill level 1 in Earth Magic
  1715 | D:3      | Reached skill level 1 in Poison Magic
  1751 | D:3      | Noticed Terence
  1813 | D:3      | Killed Terence
  1904 | D:3      | Reached XP level 5. HP: 43/43 MP: 12/12
  2054 | D:3      | Slain by an orc priest

Illustrated notes

Levels and vault maps discovered:
D:1:      dpeg_arrival_short_road, layout_basic, serial_shops,
          nicolae_square_shop
D:2:      layout_rooms
D:3:      cheibrodos_old_hovel, layout_loops_ring,
          grunt_dithmenos_smoke_and_mirrors, kennysheep_orc_chapel, uniq_robin,
          uniq_terence

Skill      XL: |  1  2  3  4 |
---------------+-------------+-----
Spellcasting   | 5 |  5.1
Invocations    | 1 |  1.5
Short Blades   | 1 |  1.4
Axes           | 1 |  1.4
Maces & Flails | 1 |  1.4
Polearms       | 1 |  1.4
Staves         | 1 |  1.4
Ranged Weapons | 1 |  1.4
Throwing       | 1 |  1.4
Armour         | 1 |  1.4
Stealth        | 1 |  1.4
Shields        | 1 |  1.4
Unarmed Combat | 1 |  1.4
Evocations     | 1 |  1.4
Hexes          | 1 |  1.1
Summonings     | 1 |  1.1
Necromancy     | 1 |  1.1
Translocations | 1 |  1.1
Transmutations | 1 |  1.1
Fire Magic     | 1 |  1.1
Ice Magic      | 1 |  1.1
Air Magic      | 1 |  1.1
Earth Magic    | 1 |  1.1
Poison Magic   | 1 |  1.1
Fighting       | |  4.7
Long Blades    | |  6.6
Dodging        | |  4.7
Conjurations   | |  5.5

Action                     |  1- 3 |  4- 6 || total
---------------------------+-------+-------++-------
  Melee: Falchion          |   132 |       ||   132
         Bite              |     8 |     7 ||    15
         Long sword        |     3 |    91 ||    94
         Punch             |       |     1 ||     1
   Fire: Sling             |       |     1 ||     1
    Use: Scroll            |     4 |     2 ||     6
   Stab: Sleeping          |     1 |       ||     1
         Distracted        |       |     1 ||     1
 Armour: Leather armour    |    29 |    21 ||    50
  Dodge: Dodged            |    91 |    67 ||   158

Table legend: (Time is in decaauts)
 A = Elapsed time spent in this place.
 B = Non-inter-level travel time spent in this place.
 C = Inter-level travel time spent in this place.
 D = Time resting spent in this place.
 E = Time spent auto-exploring this place.
 F = Levels seen in this place.
 G = Mean time per level.
                   A        B        C        D        E       F      G
               +--------+--------+--------+--------+--------+-----+--------+
         Total |   2054 |   1983 |     71 |      0 |   1496 |   3 |  684.7 |
       Dungeon |   2054 |   1983 |     71 |      0 |   1496 |   3 |  684.7 |
               +--------+--------+--------+--------+--------+-----+--------+

Top non-repeatable levels by time:
     D:1: 917 daAuts
     D:3: 744 daAuts
     D:2: 392 daAuts
